 Dungeon Crawl Stone Soup version 0.30.0-13-g156ef70053 (webtiles) character file.

Game seed: 14781439458644739325

9 browni3141 the Firebug (level 2, 0/19 HPs)
             Began as a Demonspawn Fire Elementalist on May 17, 2023.
             Slain by a kobold
             ... wielding a +0 short sword
              (2 damage)
             ... on level 1 of the Dungeon.
             The game lasted 00:00:28 (558 turns).

browni3141 the Firebug (DsFE)                        Turns: 558, Time: 00:00:29

Health: 0/19       AC:  2    Str:  8    XL:     2   Next: 6%
Magic:  3/5        EV: 12    Int: 16    God:
Gold:   29         SH:  0    Dex: 13    Spells: 4/5 levels left

rFire   . . .        t - +0 short sword
rCold   . . .        (no shield)
rNeg    . . .        a - +0 robe
rPois   .            (no helmet)
rElec   .            (no cloak)
rCorr   .            (no gloves)
SInv    .            (no boots)
Will    .....        (no amulet)
Stlth   ++           (no ring)
HPRegen 0.23/turn    (no ring)
MPRegen 0.09/turn

%: no passive effects
@: no status effects
A: demonic touch 1
a: no special abilities


You were on level 1 of the Dungeon.
You visited 1 branch of the dungeon, and saw 1 of its levels.

You collected 29 gold pieces.

Inventory:

Hand Weapons
 t - a +0 short sword (weapon)
Armour
 a - a +0 robe (worn)
Scrolls
 n - a scroll of immolation {unknown}
 q - a scroll of vulnerability {unknown}
 s - a scroll of teleportation {unknown}
 u - a scroll of poison {unknown}
Potions
 m - a potion of magic
 o - a potion of lignification {unknown}
 p - a potion of mutation {unknown}
 r - a potion of ambrosia {unknown}


   Skills:
 + Level 1.9 Dodging
 + Level 2.0 Stealth
 + Level 2.1 Spellcasting
 + Level 1.2 Conjurations
 + Level 2.8 Fire Magic


You had 4 spell levels left.
You knew the following spells:

 Your Spells              Type           Power      Damage    Failure   Level
z - Foxfire               Conj/Fire      32%        2x1d5     9%          1

Your spell library contained the following spells:

 Spells                   Type           Power      Damage    Failure   Level
 Scorch                   Fire           20%        2d5       10%         2
 Cigotuvi's Dreadful Rot  Necr/Pois/Air  2%         N/A       30%         2
 Lesser Beckoning         Tloc           2%         N/A       30%         2
 Inner Flame              Hex/Fire       6%         N/A       34%         3
 Volatile Blastmotes      Fire/Tloc      12%        2d11      34%         3
 Ignite Poison            Fire/Tmut/Pois 4%         N/A       38%         3
 Gell's Gravitas          Tloc           1%         N/A       52%         3
 Teleport Other           Tloc           1%         N/A       52%         3
 Flame Wave               Conj/Fire      8%         2d5       65%         4
 Freezing Cloud           Conj/Ice/Air   1%         6-21      99%         5


Dungeon Overview and Level Annotations

Branches:
Dungeon (1/15)

Altars:


Innate Abilities, Weirdness & Mutations

Your touch may inflict minor irresistible damage on your foes.


Message History

There is a stone staircase leading down here.
An endoplasm comes into view.
An endoplasm is nearby!
An endoplasm is nearby!
An endoplasm is nearby!
You conjure some foxfire!
You conjure some foxfire!
Your foxfire dissipates!
You conjure some foxfire!
The endoplasm quivers.
The foxfire hits the endoplasm.
The endoplasm is severely wounded.
You are out of magic!
A rat comes into view.
Your foxfire dissipates!
The endoplasm jiggles.
The foxfire hits the endoplasm.
You kill the endoplasm!
A rat is nearby!
A rat is nearby!
A rat is nearby!
You are out of magic!
You are out of magic!
You are out of magic!
Your foxfire dissipates!
You hit the rat.
The rat is moderately wounded.
The rat bites you.
You hit the rat.
You kill the rat!
You pick up a Trismegistus Codex and begin reading...
You add the spells Cigotuvi's Dreadful Rot, Ignite Poison and Freezing Cloud to your library.
u - a scroll labelled XUTA MIBAIRR A ball python and a bat come into view.
There are monsters nearby!
There are monsters nearby!
You conjure some foxfire!
You conjure some foxfire!
The foxfire hits the ball python.
You kill the ball python!
Your Stealth skill increases to level 2!
You have reached level 2!
Your demonic ancestry asserts itself...
Your hands begin to faintly glow with unholy energy.
The foxfire hits the bat.
You kill the bat!
You conjure some foxfire!
You are out of magic!
Unknown command.
Your foxfire dissipates!
Your foxfire dissipates!
A kobold comes into view. It is wielding a +0 short sword.
You can't go up here!
You conjure some foxfire!
You are out of magic!
The foxfire hits the kobold but does no damage.
You are out of magic!
You are out of magic!
You are out of magic!
You are out of magic!
You hit the kobold but do no damage. Your touch misses the kobold.
The kobold hits you with a +0 short sword.
You hit the kobold.
The kobold is heavily wounded.
The kobold barely misses you.
The kobold hits you with a +0 short sword.
The kobold closely misses you. The kobold closely misses you.
The kobold hits you with a +0 short sword.
The kobold closely misses you. The kobold hits you but does no damage.
The kobold misses you.
The kobold hits you with a +0 short sword.
The kobold hits you with a +0 short sword.
The kobold hits you but does no damage. The kobold closely misses you.
The kobold hits you with a +0 short sword.
The kobold closely misses you. The kobold misses you.
The kobold closely misses you.
The kobold hits you with a +0 short sword.
The kobold misses you. The kobold barely misses you.
The kobold hits you with a +0 short sword.
* * * LOW HITPOINT WARNING * * *
The kobold completely misses you. The kobold hits you but does no damage.
The kobold barely misses you. The kobold barely misses you.
The kobold barely misses you. The kobold closely misses you.
The kobold barely misses you.
The kobold hits you with a +0 short sword.
* * * LOW HITPOINT WARNING * * *
The kobold hits you but does no damage.
The kobold hits you with a +0 short sword.
* * * LOW HITPOINT WARNING * * *
The kobold hits you with a +0 short sword.
* * * LOW HITPOINT WARNING * * *
The kobold hits you with a +0 short sword.
You die...

..... ##......#......+...........
##### #..####.#..##.##...########
##.## ......#.#.###.##...........
....###..##.#.#.# #.##.....######
##..###.....#.#.# #.......#......
##....#..##.#.#.#########.#......
.........##.#.#.#.........#......
..)...#.......#.#.........#......
###...##......#.@K...#.#..#######
.....#.###.....####.#.#.........
#####.#.###.###......# #.........
..#............... #.#.....##
..#....######+##.. ###'####
..#...$# # #.###.###. #...##
#.#.....#... #.†.# #...###.†...
#...# #.........##


You could see a kobold.

Vanquished Creatures
  3 ball pythons (D:1)
  A bat (D:1)
  An endoplasm (D:1)
  2 kobolds (D:1)
  2 rats (D:1)
9 creatures vanquished.

Vanquished Creatures (others)
  23 foxfires (D:1)
23 creatures vanquished.

Grand Total: 32 creatures vanquished

Notes
Turn   | Place    | Note
-------+----------+-------------------------------------------
     0 | D:1      | browni3141 the Demonspawn Fire Elementalist began the quest
                  | for the Orb.
     0 | D:1      | Reached XP level 1. HP: 13/13 MP: 3/3
   511 | D:1      | Gained mutation: Your touch may inflict minor irresistible
                  | damage on your foes. [demonic ancestry]
   511 | D:1      | Reached XP level 2. HP: 19/19 MP: 1/5
   558 | D:1      | Slain by a kobold

Illustrated notes

Levels and vault maps discovered:
D:1:      nicolae_arrival_washed_ashore, layout_basic, serial_co_window_serial,
          co_window_corner_a, co_window_paths_b, co_window_paths_a,
          co_window_corner_a, co_window_paths_b, co_window_corner_a,
          co_window_paths_a, co_window_of_opportunity_c, co_window_corner_b,
          co_window_corner_ca, co_window_paths_c, co_window_broadway_b,
          co_window_paths_c, co_window_paths_d, glass_columns_a,
          glass_columns_c, glass_columns_c, glass_columns_a, glass_columns_a

Skill      XL: |  1 |
---------------+----+-----
Stealth        | 2 |  2.0
Dodging        | |  1.9
Spellcasting   | |  2.1
Conjurations   | |  1.2
Fire Magic     | |  2.8

Action                     || total
---------------------------++-------
  Melee: Short sword       ||     4
         Unarmed           ||     1
         Punch             ||     1
   Cast: Foxfire           ||    18
 Armour: Robe              ||     4
  Dodge: Dodged            ||    23
